 Dungeon Crawl Stone Soup version 0.28-a0-101-g18048e5a82 (webtiles) character file.

Game seed: 9549453855478286627

6596 deadmanwalking the Magician (level 10, -1/63 HPs)
             Began as a Demonspawn Hedge Wizard on Aug 10, 2021.
             Was a Believer of Sif Muna.
             Slain by a death yak (13 damage)
             ... on level 9 of the Dungeon.
             The game lasted 00:38:04 (14054 turns).

deadmanwalking the Magician (DsWz)                 Turns: 14054, Time: 00:38:05

Health: -1/63      AC: 14    Str: 10    XL:     10   Next: 71%
Magic:  17/20      EV: 12    Int: 19    God:    Sif Muna [**....]
Gold:   313        SH:  4    Dex: 13    Spells: 4/22 levels left

rFire   . . .      SeeInvis +   b - +7 halberd "Qerua" {vorpal, rElec rC+}
rCold   + . .      Faith    .   (shield currently unavailable)
rNeg    . . .      Spirit   .   v - +1 robe of Ynkan {rPois SInv}
rPois   +          Reflect  .   c - +0 hat
rElec   +          Harm     .   u - +0 cloak
rCorr   .          Rampage  .   (no gloves)
Will    .....                   (no boots)
Stlth   ++........              (no amulet)
HPRegen 0.20/turn               (no ring)
MPRegen 0.17/turn               (no ring)

@: sanguine armoured
A: claws 1, icemail 1, spiny 1, sanguine armour 1, condensation shield
a: Renounce Religion, Channel Magic


You were on level 9 of the Dungeon.
You worshipped Sif Muna.
Sif Muna was pleased with you.
You visited 2 branches of the dungeon, and saw 10 of its levels.
You also visited: Ossuary.

You collected 478 gold pieces.
You spent 165 gold pieces at shops.

Inventory:

Hand Weapons
 a - a +1 dagger of electrocution
 b - the +7 halberd "Qerua" (weapon) {vorpal, rElec rC+}
   (You acquired it on level 4 of the Dungeon)

   It inflicts extra damage upon your enemies.
   rC:        It protects you from cold.
   rElec:     It insulates you from electricity.
 B - a +2 dagger of venom
 F - a +2 whip of freezing
Missiles
 d - 6 javelins
 f - 378 stones
 g - 113 bolts
 i - 146 arrows
 o - 13 boomerangs
 E - 15 boomerangs of dispersal
 H - 18 sling bullets
 I - 5 throwing nets
 M - a curare-tipped dart
 N - 12 poisoned darts
Armour
 c - a +0 hat (worn)
 h - +0 fire dragon scales
 l - a +0 kite shield
 r - a +0 buckler
 u - a +0 cloak (worn)
 v - the +1 robe of Ynkan (worn) {rPois SInv}
   (You bought it in a shop on level 3 of the Dungeon)

   rPois:     It protects you from poison.
   SInv:      It lets you see invisible.
 Q - a +1 robe of cold resistance
Wands
 s - a wand of flame (24)
Scrolls
 t - 3 scrolls of silence
 x - a scroll of amnesia
 y - 3 scrolls of teleportation
 J - 2 scrolls of vulnerability
 L - a scroll of immolation
Potions
 e - 3 potions of might
 j - 2 potions of magic
 k - 4 potions of flight
 m - 2 potions of haste
 n - 2 potions of heal wounds
 p - a potion of cancellation {unknown}
 q - 4 potions of curing {unknown}
 w - a potion of resistance {unknown}
 z - 3 potions of lignification {unknown}
 A - 2 potions of invisibility {unknown}
 C - a potion of brilliance {unknown}
 D - 2 potions of ambrosia
 G - 3 potions of degeneration {unknown}
 P - a potion of berserk rage
Miscellaneous
 K - a piece from Xom's chessboard (15/15)
 O - a condenser vane


   Skills:
 + Level 3.7 Polearms
 - Level 1.7 Dodging
 - Level 1.7 Stealth
 - Level 4.0 Shields
 * Level 6.8 Spellcasting
 * Level 6.5 Conjurations
 * Level 5.6 Summonings
 - Level 5.0 Translocations
 - Level 5.0 Fire Magic
 * Level 4.8 Air Magic
 - Level 2.0 Poison Magic
 + Level 4.2 Invocations


You had 4 spell levels left.
You knew the following spells:

 Your Spells              Type           Power      Damage    Failure   Level
a - Magic Dart            Conj           100%       1d8       1%          1
b - Blink                 Tloc           N/A        N/A       1%          2
c - Call Imp              Summ           28%        N/A       1%          2
d - Conjure Flame         Conj/Fire      28%        6-21      3%          3
e - Mephitic Cloud        Conj/Pois/Air  23%        N/A       4%          3
f - Swiftness             Air            25%        N/A       4%          3
g - Iskenderun's Mystic   Conj/Tloc      28%        2d7       10%         4

Your spell library contained the following spells:

 Spells                   Type           Power      Damage    Failure   Level
 Shock                    Conj/Air       100%       1d9       1%          1
 Summon Guardian Golem    Hex/Summ       17%        N/A       10%         3
 Passage of Golubria      Tloc           N/A        N/A       13%         4
 Airstrike                Air            12%        N/A       14%         4
 Slow                     Hex            6%         N/A       16%         2
 Fulminant Prism          Conj/Hex       9%         3d7       26%         4
 Tukima's Dance           Hex            6%         N/A       30%         3
 Freezing Cloud           Conj/Ice/Air   10%        6-21      52%         5
 Lee's Rapid Deconstruct  Erth           3%         3d6*      96%         5
 Yara's Violent Unravell  Hex/Tmut       3%         3d4       96%         5
 Orb of Destruction       Conj           15%        9d7       99%         7
 Simulacrum               Ice/Necr       3%         N/A       100%        6
 Spellforged Servitor     Conj/Summ      14%        N/A       100%        7
 Polar Vortex             Ice            3%         N/A       100%        9


Dungeon Overview and Level Annotations

Branches:
Dungeon (9/15)             Temple (1/1) D:6            Lair (0/6) D:9
Ossuary (visited)
    Orc: D:9-12

Altars:
Ashenzari
Cheibriados
Dithmenos
Elyvilon
Fedhas
Gozag
Hepliaklqana
Kikubaaqudgha
Makhleb
Nemelex Xobeh
Okawaru
Qazlal
Ru
Sif Muna
Trog
Uskayaw
Vehumet
Wu Jian
Xom
Yredelemnul
Zin
The Shining One

Shops:
D:3 [   D:9 *


Innate Abilities, Weirdness & Mutations

You have sharp fingernails.
A meltable icy envelope protects you from harm. (AC +4)
You are partially covered in sharp spines.
When seriously injured, your bleeding wounds create armour. (AC +6)
A meltable shield of frost defends you. (SH +4)


Message History

Your white imp gestures at the death yak.
The puff of frost hits the death yak.
You hit the death yak but do no damage.
The death yak is lightly wounded.
The death yak is struck by your spines. The death yak misses you.
Your white imp hits the death yak but does no damage.
The death yak completely misses you.
You slash the death yak!
The death yak is moderately wounded.
Your white imp hits the death yak but does no damage.
The death yak gores you!
Your blood congeals into armour.
Your white imp hits the death yak.
Your white imp freezes the death yak.
You are too injured to fight recklessly!
You are too injured to fight recklessly!
You are too injured to fight recklessly!
You are too injured to fight recklessly!
You hit the death yak.
The death yak is moderately wounded.
You block the death yak's attack.
Your white imp hits the death yak but does no damage.
You hit the death yak but do no damage.
The death yak is moderately wounded.
The death yak gores you!
Your white imp barely misses the death yak.
The death yak gores you.
* * * LOW HITPOINT WARNING * * *
You puncture the death yak!
The death yak is heavily wounded.
Your white imp hits the death yak but does no damage.
The death yak is struck by your spines. The death yak gores you!
* * * LOW HITPOINT WARNING * * *
You hit the death yak.
The death yak is heavily wounded.
Your white imp hits the death yak but does no damage.
The death yak barely misses you.
Your white imp hits the death yak but does no damage.
You barely miss the death yak.
The death yak is heavily wounded.
The death yak is struck by your spines. The death yak gores you!
You die...

...#.# #..+ >.#...#.....## ...#.#
#..#...........).......## ...#.#
#..#...................## ...'.#
#..#......... .........## ...#.#
#..#........ ........## ...#.#
#..#....... #.......##
...#<####..# .... #.......##
####...))..#####Y#### #.########
##.#######......@5..####.########
.....o...'..........#....##......
.....o...#..#######.#....##......
.........#..# #.'....##......
.........#..#######.#....##......
##########..........###########'#
.......................รท.........
....#.....####.....########......
....#.....# #.....# #......


You could see a death yak (ally target) and a friendly white imp (summoned).

Vanquished Creatures
  Harold (D:7)
  A death yak (D:9)
  A hornet (D:9)
  A slime creature (D:8)
  A steam dragon (D:9)
  An acid dragon (D:6)
  A water moccasin (D:6)
  6 black bears
  2 orc warriors
  2 ice beasts
  4 sky beasts
  3 ogres
  A centaur (D:6)
  2 phantoms
  2 kobold brigands (D:9)
  5 bullfrogs
  2 scorpions (D:6)
  4 water moccasin zombies (Ossuary)
  8 killer bees
  6 wights
  3 howler monkeys
  4 bullfrog zombies
  3 centaur zombies
  6 jellies
  A bullfrog skeleton (D:7)
  3 orc priests
  4 hounds
  Crazy Yiuf (D:4)
  2 centaur skeletons
  3 iguanas
  7 orc wizards
  3 mummies
  3 gnolls
  4 adders
  4 shadow imps
  4 white imps
  An ufetubus (D:5)
  5 adder skeletons (D:4)
  6 adder zombies (Ossuary)
  3 worms
  4 dart slugs
  28 orcs
  6 ball pythons
  6 bats
  17 endoplasms
  5 goblins
  7 hobgoblins
  5 jackals
  2 quokkas
  4 frilled lizards
  3 gnoll zombies (Ossuary)
  4 hobgoblin zombies (Ossuary)
  15 kobolds
  3 kobold zombies (Ossuary)
  5 orc zombies (Ossuary)
  7 rats
245 creatures vanquished.

Vanquished Creatures (collateral kills)
  A necrophage (D:4)
1 creature vanquished.

Vanquished Creatures (others)
  8 fungi (D:8)
8 creatures vanquished.

Grand Total: 254 creatures vanquished

Notes
Turn   | Place    | Note
-------+----------+-------------------------------------------
     0 | D:1      | deadmanwalking the Demonspawn Hedge Wizard began the quest
                  | for the Orb.
     0 | D:1      | Reached XP level 1. HP: 13/13 MP: 4/4
   262 | D:1      | Gained mutation: A meltable shield of frost defends you.
                  | (SH +4) [demonic ancestry]
   262 | D:1      | Reached XP level 2. HP: 19/19 MP: 1/6
   265 | D:1      | Learned a level 2 spell: Blink
   391 | D:1      | Learned a level 2 spell: Call Imp
   617 | D:1      | Reached skill level 1 in Translocations
  1217 | D:1      | Found a faded altar of an unknown god.
  1487 | D:2      | Gained mutation: A meltable icy envelope protects you from
                  | harm. (AC +4) [demonic ancestry]
  1487 | D:2      | Reached XP level 3. HP: 21/24 MP: 1/7
  1491 | D:2      | Learned a level 3 spell: Conjure Flame
  1979 | D:2      | Found a shimmering altar of Xom.
  2795 | D:3      | Found Ecaruph's Antique Armour Emporium.
  3370 | D:4      | Noticed a necrophage
  3383 | D:4      | Killed a necrophage
  3384 | D:4      | Reached skill level 1 in Fire Magic
  3384 | D:4      | Reached XP level 4. HP: 30/30 MP: 0/9
  3468 | D:4      | Found a burning altar of Makhleb.
  3557 | D:4      | Found a blossoming altar of Fedhas.
  3571 | D:4      | Reached skill level 1 in Shields
  3945 | D:4      | Noticed a black bear
  3976 | D:4      | Killed a black bear
  3977 | D:4      | Gained mutation: You have sharp fingernails. [demonic
                  | ancestry]
  3977 | D:4      | Reached XP level 5. HP: 31/35 MP: 7/10
  4229 | D:4      | Identified a scroll of acquirement
  4229 | D:4      | Acquired the +7 halberd "Qerua" {vorpal, rElec rC+}
  4318 | D:4      | Noticed a black bear
  4321 | D:4      | Killed a black bear
  4322 | D:4      | Reached XP level 6. HP: 41/41 MP: 7/12
  4717 | D:4      | Found a runed translucent door.
  4718 | D:4      | Noticed Crazy Yiuf
  4933 | D:4      | Gained mutation: When seriously injured, your bleeding
                  | wounds create armour. (AC +6) [demonic ancestry]
  4933 | D:4      | Reached XP level 7. HP: 40/46 MP: 11/13
  5144 | D:4      | Killed Crazy Yiuf
  5220 | D:3      | Bought a steaming robe for 165 gold pieces
  5220 | D:3      | Identified the +1 robe of Ynkan {rPois SInv} (You bought it
                  | in a shop on level 3 of the Dungeon)
  5327 | D:5      | Entered Level 5 of the Dungeon
  5327 | D:5      | Found a hide-covered altar of Uskayaw.
  5447 | D:4      | Reached skill level 1 in Polearms
  5764 | D:5      | Found a sand-covered staircase.
  5771 | Ossuary  | Entered an ossuary
  5776 | Ossuary  | Learned a level 3 spell: Mephitic Cloud
  5997 | Ossuary  | Reached skill level 1 in Air Magic
  6050 | Ossuary  | Reached skill level 1 in Poison Magic
  6050 | Ossuary  | Reached XP level 8. HP: 34/52 MP: 14/14
  6056 | Ossuary  | Learned a level 3 spell: Swiftness
  6707 | D:5      | Reached skill level 5 in Spellcasting
  8004 | D:6      | Found a staircase to the Ecumenical Temple.
  8013 | Temple   | Entered the Ecumenical Temple
  8172 | Temple   | Became a worshipper of Sif Muna the Loreminder
  8405 | D:6      | Gained mutation: You are partially covered in sharp spines.
                  | [demonic ancestry]
  8405 | D:6      | Reached XP level 9. HP: 43/57 MP: 16/16
  8486 | D:6      | Reached skill level 1 in Invocations
  8615 | D:6      | Reached skill level 5 in Conjurations
  8669 | D:6      | Learned a level 4 spell: Iskenderun's Mystic Blast
  8959 | D:6      | Reached * piety under Sif Muna
  9248 | D:7      | Reached skill level 5 in Summonings
  9458 | D:7      | Noticed Harold
  9900 | D:7      | Killed Harold
  9901 | D:7      | Reached XP level 10. HP: 29/63 MP: 17/19
  9903 | D:7      | Reached skill level 5 in Translocations
 11636 | D:8      | Found an iron altar of Okawaru.
 11636 | D:8      | Found a broken altar of Ashenzari.
 11753 | D:8      | Reached skill level 5 in Fire Magic
 12506 | D:9      | Reached ** piety under Sif Muna
 13218 | D:9      | Found Yvytac's Lightly-Used Armoury.
 13723 | D:9      | Noticed a death yak
 13724 | D:9      | Found a staircase to the Lair.
 13756 | D:9      | Killed a death yak
 14042 | D:9      | Noticed a death yak
 14054 | D:9      | Slain by a death yak

Illustrated notes

Levels and vault maps discovered:
D:1:      kennysheep_arrival_forest, layout_basic, basic_ecumenical_altar,
          supply_closet_lemuel, minmay_pentomino_x4
D:2:      layout_basic, basic_altar
D:3:      layout_loops_cross, serial_shops, shop_statue
D:4:      minmay_octagon_keep, layout_basic, marbit_many_paths, fedhas_altar_2,
          dk_noncrumbling_4, minmay_ruptured, uniq_crazy_yiuf_cottage
D:5:      layout_basic, mainiacjoe_overflow_chevrons, gup_ossuary_entry_pyramid
D:6:      wad_guarded_room, layout_basic, temple_hall
D:7:      layout_loops_ring, nicolae_tso_carved_into_rock,
          minmay_unpleasant_kobolds, uniq_harold
D:8:      lemuel_slime, layout_basic, gammafunk_temple_overflow_elements
D:9:      layout_stronghold, dpeg_lair_monsters, serial_bayou_pond_e,
          minmay_shop_damaged, grunt_ministairs_12, minmay_diced_spiral
Temple:   eino_temple_rhombus

Skill      XL: |  1  2  3  4  5  6  7  8  9 10 |
---------------+-------------------------------+-----
Translocations | 1 2 3 4 5 |  5.0
Conjurations   | 2 3 4 5 6 |  6.5
Fire Magic     | 1 2 3 4 5 |  5.0
Shields        | 1 2 3 4 |  4.0
Summonings     | 2 3 4 5 |  5.6
Spellcasting   | 4 5 6 |  6.8
Polearms       | 1 2 3 |  3.7
Air Magic      | 1 2 3 4 |  4.8
Poison Magic   | 1 2 |  2.0
Invocations    | 2 4 |  4.2
Dodging        | |  1.7
Stealth        | |  1.7

Action                   |  1- 3 |  4- 6 |  7- 9 | 10-12 || total
-------------------------+-------+-------+-------+-------++-------
Melee: Dagger            |    12 |    15 |       |       ||    27
       Halberd           |       |    29 |   272 |   129 ||   430
 Cast: Magic Dart        |   111 |    62 |   138 |    88 ||   399
       Call Imp          |     1 |     1 |     4 |     9 ||    15
       Mephitic Cloud    |       |       |     1 |       ||     1
       Iskenderun's Myst |       |       |       |     2 ||     2
       Conjure Flame     |       |       |       |     1 ||     1
       Blink             |       |       |       |     1 ||     1
Evoke: Wand              |       |       |     2 |       ||     2
  Use: Scroll            |     5 |     5 |     6 |     5 ||    21
       Potion            |       |     1 |     4 |       ||     5
 Stab: Distracted        |       |     1 |     1 |       ||     2
       Sleeping          |       |       |     2 |     2 ||     4
       Confused          |       |       |     1 |       ||     1
Armor: Robe              |     6 |    16 |   106 |    42 ||   170
Dodge: Dodged            |    15 |    38 |   169 |    68 ||   290
Block: Other             |     2 |     9 |    46 |    29 ||    86

Table legend: (Time is in decaauts)
 A = Elapsed time spent in this place.
 B = Non-inter-level travel time spent in this place.
 C = Inter-level travel time spent in this place.
 D = Time resting spent in this place.
 E = Time spent auto-exploring this place.
 F = Levels seen in this place.
 G = Mean time per level.
                   A        B        C        D        E       F      G
               +--------+--------+--------+--------+--------+-----+--------+
         Total |  14243 |  13409 |    834 |    116 |  11411 |  11 | 1294.8 |
       Dungeon |  13562 |  12757 |    805 |    116 |  10895 |   9 | 1506.9 |
        Temple |    175 |    146 |     29 |      0 |    144 |   1 |  175.0 |
       Ossuary |    504 |    504 |      0 |      0 |    372 |   1 |  504.0 |
               +--------+--------+--------+--------+--------+-----+--------+

Top non-repeatable levels by time:
     D:4: 2330 daAuts
     D:6: 2135 daAuts
     D:9: 1822 daAuts
     D:8: 1566 daAuts
     D:1: 1424 daAuts
     D:7: 1334 daAuts
     D:5: 1040 daAuts
     D:3: 1011 daAuts
     D:2: 897 daAuts
 Ossuary: 504 daAuts
  Temple: 175 daAuts
